 Dungeon Crawl Stone Soup version 0.21-a0-508-gf08a75f (webtiles) character file.

7 BingusPrime the Ruffian (level 1, 0/16 HPs)
             Began as a Draconian Transmuter on Nov 28, 2017.
             Slain by an adder (4 damage)
             ... on level 2 of the Dungeon.
             The game lasted 00:03:59 (685 turns).

BingusPrime the Ruffian (Draconian Transmuter)       Turns: 685, Time: 00:04:00

Health: 0/16       AC:  4    Str: 12    XL:     1   Next: 91%
Magic:  3/3        EV:  7    Int: 13    God:
Gold:   74         SH: 10    Dex: 11    Spells: 3/4 levels left

rFire    . . .     SeeInvis .   u - +0 hand axe
rCold    + . .     Gourm    .   n - +0 large shield
rNeg     + . .     Faith    .   (armour unavailable)
rPois    .         Spirit   .   (helmet restricted)
rElec    .         Reflect  .   (no cloak)
rCorr    .         Harm     .   (no gloves)
MR       .....                  (no boots)
Stlth    +.........             (no amulet)
HPRegen  0.05/turn              e - ring of protection from cold
MPRegen  0.08/turn              k - ring of positive energy

@: very slightly contaminated
A: unfitting armour, cold-blooded, AC +4
a: no special abilities


You were on level 2 of the Dungeon.
You were not hungry.

You visited 1 branch of the dungeon, and saw 2 of its levels.

You collected 74 gold pieces.

Inventory:

Hand Weapons
 f - a +0 dagger
 u - a +0 hand axe (weapon)
Missiles
 a - 26 arrows
 p - 11 bolts
 q - a throwing net (quivered)
Armour
 n - a +0 large shield (worn)
Jewellery
 e - a ring of protection from cold (left hand)
 k - a ring of positive energy (right hand)
Scrolls
 d - a scroll of blinking {unknown}
 g - a scroll of amnesia {unknown}
 l - 2 scrolls of identify {unknown}
 m - a scroll of teleportation {unknown}
Potions
 h - a potion of magic
 i - a potion of haste {unknown}
 j - a potion of mutation {unknown}
 s - a potion of curing {unknown}
 t - a potion of lignification {unknown}
Books
 b - a book of Changes

   Spells                             Type                      Level
   a - Beastly Appendage              Transmutation                1
   b - Sticks to Snakes               Transmutation                2
   c - Spider Form                    Transmutation/Poison         3
   d - Ice Form                       Ice/Transmutation            4
   e - Blade Hands                    Transmutation                5
Comestibles
 c - a bread ration
 o - 4 fruits
 r - a meat ration


   Skills:
 + Level 1.1 Fighting
 + Level 1.7 Dodging
 + Level 0.4 Stealth
 + Level 3.3 Unarmed Combat
 + Level 2.1 Spellcasting
 + Level 2.0 Transmutations


You had 3 spell levels left.
You knew the following spells:

 Your Spells              Type           Power        Failure   Level  Hunger
a - Beastly Appendage     Tmut           #.....       95%         1    ##.....


Dungeon Overview and Level Annotations

Branches:
Dungeon (2/15)

Altars:


Innate Abilities, Weirdness & Mutations

Your plain brown scales are hard. (AC +4)
You cannot fit into any form of body armour.
You are cold-blooded and may be slowed by cold attacks.


Message History

You block the adder's attack.
It was a potion of magic.
Magic courses through your body. You block the adder's attack.
The adder bites you.
Casting: Beastly Appendage
Confirm with . or Enter, or press ? or * to list all spells.
You miscast Beastly Appendage.
Your skin glows momentarily.
You block the adder's attack. The jackal bites you.
* * * LOW HITPOINT WARNING * * *
You block the adder's attack.
Found 15 stones and a glowing ring mail.
Found a bread ration.
The jackal barks!
The adder bites you but does no damage.
Found 18 arrows.
Found an emerald potion.
You block the adder's attack.
Found 10 gold pieces.
You block the adder's attack. The adder bites you.
You die...

(........######..#.####.##..#
..............#..#.# #....##
..%..............#.# #..###
.........####......####..#
.......h.###..###.......[#
........###..#......######
#..............####..# #
....###.....########...#
###.........h.hS@........
###....#############.....
.!...... ..... ##...... #...
#....... ##. $....#.#.
..#.#..


You could see an adder and 2 jackals.

Vanquished Creatures
  2 goblins
  A hobgoblin (D:2)
  2 kobolds (D:1)
  2 bats (D:1)
7 creatures vanquished.

Notes
Turn   | Place    | Note
-------+----------+-------------------------------------------
     0 | D:1      | BingusPrime the Draconian Transmuter began the quest for the Orb.
     0 | D:1      | Reached XP level 1. HP: 16/16 MP: 3/3
   685 | D:2      | Slain by an adder

Vault maps used:
D:1:      dpeg_arrival_simpleton_a
D:2:      first_bread, kennysheep_cluttered_room,
          hangedman_abyss_or_decor_lesser_grid, nemelex_diamond_rough_becter

Action                   || total
-------------------------++-------
Melee: Dagger            ||    35
       Hand axe          ||    10
       Tailslap          ||     3
       Kick              ||     2
       Unarmed           ||     1
       Punch             ||     1
 Cast: Beastly Appendage ||     4
  Use: Potion            ||     1
Armor: Skin              ||    35
Dodge: Dodged            ||    38
Block: Large shield      ||    15

Table legend:
 A = Spawn XP
 B = Non-spawn XP
 C = Spawn XP percentage of total XP
 D = Spawn monster count
 E = Non-spawn monster count
 F = Spawn count percentage of total count
 G = Total turns spent on level
                    A         B        C        D         E        F      G
               +---------+---------+-------+---------+---------+-------+---------
         Total |       0 |      11 |   0.0 |       0 |       7 |   0.0 |   685
               +---------+---------+-------+---------+---------+-------+---------
           D:1 |       0 |       8 |   0.0 |       0 |       5 |   0.0 |   592
           D:2 |       0 |       3 |   0.0 |       0 |       2 |   0.0 |    93
               +---------+---------+-------+---------+---------+-------+---------
